 Dungeon Crawl Stone Soup version 0.21.2 (webtiles) character file.

29 glosham the Ruffian (level 3, -2/36 HPs)
             Began as a Troll Abyssal Knight on Dec 18, 2018.
             Was a Follower of Lugonu.
             Slain by an ancient zyme (6 damage)
             ... on level 1 of the Abyss.
             The game lasted 00:02:29 (106 turns).

glosham the Ruffian (Troll Abyssal Knight)           Turns: 106, Time: 00:02:29

Health: -2/36      AC:  5    Str: 21    XL:     3   Next: 1%
Magic:  3/3        EV: 10    Int:  8    God:    Lugonu [*.....]
Gold:   0          SH:  0    Dex: 10    Spells: 2/2 levels left

rFire    . . .     SeeInvis .     - Unarmed
rCold    . . .     Gourm    +   (no shield)
rNeg     . . .     Faith    .   a - +0 robe
rPois    .         Spirit   .   (helmet restricted)
rElec    .         Reflect  .   (no cloak)
rCorr    .         Harm     .   (gloves unavailable)
MR       .....                  (boots unavailable)
Stlth    +.........             (no amulet)
HPRegen  0.00/turn              (no ring)
MPRegen  0.08/turn              (no ring)

@: mighty, non-regenerating, diseased
A: large, unfitting armour, claws 3, fast metabolism 3, gourmand, regeneration
1, shaggy fur 1, tough skin 2, [weak 2]
a: Depart the Abyss, Renounce Religion


You were on level 1 of the Abyss.
You worshipped Lugonu.
Lugonu was aware of your devotion.
You were not hungry.

You visited 0 branches of the dungeon, and saw 0 of its levels.
You visited the Abyss 1 time.

Inventory:

Armour
 a - a +0 robe (worn)
Potions
 c - a potion of might
Comestibles
 b - 2 rations


   Skills:
 - Level 2.4 Fighting
 - Level 1.9 Dodging
 * Level 3.5 Unarmed Combat
 - Level 1.5 Invocations


You had 2 spell levels left.
You didn't know any spells.

Dungeon Overview and Level Annotations

Branches:
Dungeon (0/15)

Altars:


Innate Abilities, Weirdness & Mutations

You are too large for most types of armour.
You have claws for hands.
Your metabolism is lightning-fast.
You like to eat raw meat.
Your natural rate of healing is unusually fast.
You are covered in fur. (AC +1)
You have very tough skin. (AC +2)
[You are very weak. (Str -4)]


Message History

The ancient zyme barely misses you.
The ancient zyme hits you but does no damage.
You feel ill.
A wretched star comes into view.
The wretched star pulses with an eldritch light!
You feel weaker. x2
A worldbinder comes into view.
A thrashing horror comes into view.
The thrashing horror roars!
You feel ill.
The small abomination barely misses you.
Found 7 gold pieces.
The thrashing horror tramples you.
You hold your ground!
The thrashing horror barely misses you.
The thrashing horror roars!
The thrashing horror tramples you!
You hold your ground!
The thrashing horror tramples you.
You hold your ground!
A death drake comes into view.
Unknown command.
The death drake hisses angrily.
You claw the thrashing horror!
The thrashing horror is moderately damaged.
The thrashing horror barely misses you. x2
You scratch the ancient zyme.
The ancient zyme is lightly damaged.
The ancient zyme hits you but does no damage.
The ancient zyme closely misses you.
You feel ill.
You barely miss the wretched star. The ancient zyme closely misses you.
The ancient zyme hits you.
The worldbinder calls forth creatures from the Swamp!
You claw the ancient zyme!
The ancient zyme is moderately damaged.
The ancient zyme hits you.
* * * LOW HITPOINT WARNING * * *
The ancient zyme hits you.
* * * LOW HITPOINT WARNING * * *
You barely miss the ancient zyme.
The ancient zyme is moderately damaged.
The ancient zyme hits you.
You die...

# #. # .#. .. .#.
.. #. # ..##..#
.# .##....#.#.#.#
.#.#.#...#..# ##
.#.#.#yx#...# #
##..
.#..#.#Xx##.#....
..##...
#....#@......#
....
#.#..*##*#.....#
..# .#..##.#..##
...$# #.#∩##
.......# ##.. #
####...........#
# .# ##.#........
.##. .#...##....#
##
.#...#....##..#
#.###.....# ..#


You could see a wretched star, an ancient zyme, a thrashing horror, a
worldbinder and a vampire mosquito.

Vanquished Creatures
  A jelly (Abyss:1)
1 creature vanquished.

Vanquished Creatures (others)
  4 starspawn tentacles (Abyss:1)
4 creatures vanquished.

Grand Total: 5 creatures vanquished

Notes
Turn   | Place    | Note
-------+----------+-------------------------------------------
     0 | Abyss:1  | glosham the Troll Abyssal Knight began the quest for the Orb.
     0 | Abyss:1  | Reached XP level 1. HP: 22/22 MP: 1/1
    72 | Abyss:1  | Noticed a jelly
    74 | Abyss:1  | Killed a jelly
    74 | Abyss:1  | Reached skill level 3 in Unarmed Combat
    74 | Abyss:1  | Reached XP level 2. HP: 29/29 MP: 2/2
    74 | Abyss:1  | Reached XP level 3. HP: 36/36 MP: 3/3
    81 | Abyss:1  | Noticed a tentacled starspawn
    93 | Abyss:1  | Noticed an ancient zyme
    96 | Abyss:1  | Noticed a small abomination
    97 | Abyss:1  | Noticed a wretched star
    98 | Abyss:1  | Noticed a worldbinder
    99 | Abyss:1  | Noticed a thrashing horror
   102 | Abyss:1  | Noticed a death drake
   105 | Abyss:1  | Noticed a vampire mosquito
   106 | Abyss:1  | Slain by an ancient zyme

Skill      XL: |  1 |
---------------+----+-----
Unarmed Combat | 3 |  3.5
Fighting       | |  2.4
Dodging        | |  1.9
Invocations    | |  1.5

Action                   || total
-------------------------++-------
Melee: Unarmed           ||     6
  Use: Potion            ||     1
Armor: Robe              ||     2
Dodge: Dodged            ||     7

Table legend:
 A = Turns spent in this place as a percentage of turns spent in the entire game.
 B = Non-inter-level travel turns spent in this place as a percentage of non-inter-level travel turns spent in the entire game.
 C = Inter-level travel turns spent in this place as a percentage of turns spent in this place.
 D = Turns resting spent in this place as a percentage of non-inter-level travel turns spent in this place.
 E = Turns spent auto-exploring this place as a percentage of non-inter-level travel turns spent in this place.
 F = Non-inter-level travel turns spent in this place divided by the number of levels of this place that you've seen.
                   A       B       C       D       E      F
               +-------+-------+-------+-------+-------+----------------------
         Total | 100.0 | 100.0 |   0.0 |   0.0 |   0.0 | 106.0
         Abyss | 100.0 | 100.0 |   0.0 |   0.0 |   0.0 | 106.0
               +-------+-------+-------+-------+-------+----------------------

Table legend:
 A = Kills in this place as a percentage of kills in entire the game.
 B = Kills by you in this place as a percentage of kills by you in the entire game.
 C = Kills by friends in this place as a percentage of kills by friends in the entire game.
 D = Other kills in this place as a percentage of other kills in the entire game.
 E = Experience gained in this place as a percentage of experience gained in the entire game.
 F = Experience gained in this place divided by the number of levels of this place that you have seen.
                   A       B       C       D       E      F
               +-------+-------+-------+-------+-------+----------------------
         Total | 100.0 | 100.0 |   N/A |   N/A | 100.0 |  42.0
         Abyss | 100.0 | 100.0 |   N/A |   N/A | 100.0 |  42.0
               +-------+-------+-------+-------+-------+----------------------

Vault maps used:
